 Dungeon Crawl Stone Soup version 0.30.0-17-ge0270778cf (webtiles) character file.

Game seed: 4500053551839433694

83 Cheops the Changer (level 4, -1/35 HPs)
             Began as an Armataur Earth Elementalist on May 22, 2023.
             Slain by Robin
             ... wielding a +6 club
              (8 damage)
             ... on level 2 of the Dungeon.
             The game lasted 00:03:05 (1483 turns).

Cheops the Changer (Armataur Earth Elementalist)    Turns: 1483, Time: 00:03:06

Health: -1/35      AC:  7    Str:  7 (13) XL:     4   Next: 22%
Magic:  6/6        EV:  9    Int: 20 (23) God:
Gold:   102        SH:  0    Dex: 13 (17) Spells: 3/6 levels left

rFire   . . .        a - +0 dagger
rCold   . . .        (no shield)
rNeg    . . .        c - +0 robe
rPois   .            (no helmet)
rElec   .            j - +1 cloak
rCorr   .            k - +0 pair of gloves
SInv    .            (no barding)
Will    .....        (no amulet)
Stlth   ++           f - +6 ring of intelligence
HPRegen 0.25/turn    i - +6 ring of dexterity
MPRegen 0.10/turn

%: roll
@: flying, hasted, very quick
A: large, rugged brown scales 3, deformed body, armoured tail, roll, long
tongue, awkward tongue
a: no special abilities


You were on level 2 of the Dungeon.
You visited 1 branch of the dungeon, and saw 2 of its levels.

You collected 102 gold pieces.

Inventory:

Hand Weapons
 a - a +0 dagger (weapon)
 b - a +0 rapier
Armour
 c - a +0 robe (worn)
 j - a +1 cloak (worn)
 k - a +0 pair of gloves (worn)
Jewellery
 f - a +6 ring of intelligence (left hand)
 i - a +6 ring of dexterity (right hand)
Potions
 d - a potion of degeneration
 g - 2 potions of curing
 l - a potion of magic


   Skills:
 + Level 1.6 Short Blades
 - Level 1.3 Dodging
 - Level 2.1 Stealth
 - Level 1.7 Spellcasting
 - Level 3.0 Transmutations
 - Level 3.0 Earth Magic


You had 3 spell levels left.
You knew the following spells:

 Your Spells              Type           Power      Damage    Failure   Level
a - Sandblast             Erth           26%        2d8       4%          1
b - Passwall              Tmut/Erth      10%        N/A       7%          2

Your spell library contained the following spells:

 Spells                   Type           Power      Damage    Failure   Level
 Stone Arrow              Conj/Erth      14%        3d7       26%         3
 Petrify                  Tmut/Erth      13%        N/A       43%         4


Dungeon Overview and Level Annotations

Branches:
Dungeon (2/15)

Altars:

Annotations:
D:2 Robin


Innate Abilities, Weirdness & Mutations

You are completely covered in rugged brown scales. (AC +3, +7% HP)
Armour fits poorly on your strangely shaped body.
You have a long armoured tail.
You roll when moving toward enemies. (Rampage)
Your long tongue fully drains potion bottles. (2x potion effects)
Your tongue gives you trouble enunciating. (1.5x scroll delay)


Message History

* * * LOW HITPOINT WARNING * * *
You hit Robin but do no damage.
Your tail-slap misses Robin.
Robin is lightly wounded.
You hit the goblin.
You kill the goblin!
Robin hits you with a +6 club.
* * * LOW HITPOINT WARNING * * *
You swing at nothing.
Robin hits you with a +6 club.
* * * LOW HITPOINT WARNING * * *
You closely miss Robin.
Robin is lightly wounded.
You closely miss Robin.
Robin is lightly wounded.
Robin hits you but does no damage.
You hit Robin.
Your tail-slap misses Robin.
Robin is moderately wounded.
Robin closely misses you.
You hit Robin.
Robin is moderately wounded.
You barely miss Robin.
Robin is moderately wounded.
Robin hits you with a +6 club.
* * * LOW HITPOINT WARNING * * *
You barely miss Robin.
Robin is moderately wounded.
Robin hits you with a +6 club.
* * * LOW HITPOINT WARNING * * *
You hit Robin but do no damage.
Robin is moderately wounded.
You hit Robin but do no damage.
Your tail-slap misses Robin.
Your punch misses Robin.
Robin is moderately wounded.
Robin hits you with a +6 club.
* * * LOW HITPOINT WARNING * * *
You hit Robin but do no damage.
Robin is moderately wounded.
You hit Robin.
Robin is moderately wounded.
Robin hits you with a +6 club!
You die...

#............
###..........##
###..............
#...##.......####
##.####...........
********** #..#
#.......###.
,,,,,,,,,******#.##
#######.# *,
**,,,,,,,**,,,,#)#
#.# *,
**,,,,,,**,,,,#@#
#.# *,
*,,,,,,**,,,,#g# #.#
## *,,,,,,,#..ยง.)g#
#.# #.
*,,,,,,.......##
#.###.
*,,,,,,#......*
#.....
*******#!.....******
###### ##.....,,,,,*
#.. #>.##.****,* #.#
#.#*#.* *,* #,#


You could see Robin and a hobgoblin (strong).

Vanquished Creatures
  Natasha (D:2)
  An adder (D:2)
  A worm (D:2)
  7 ball pythons
  2 endoplasms (D:1)
  A giant cockroach (D:1)
  18 goblins
  2 hobgoblins
  2 quokkas (D:1)
  2 bats (D:1)
  2 frilled lizards (D:1)
  6 rats
45 creatures vanquished.

Notes
Turn   | Place    | Note
-------+----------+-------------------------------------------
     0 | D:1      | Cheops the Armataur Earth Elementalist began the quest for
                  | the Orb.
     0 | D:1      | Reached XP level 1. HP: 14/14 MP: 3/3
    42 | D:1      | Reached skill level 1 in Transmutations
    98 | D:1      | Reached XP level 2. HP: 12/21 MP: 0/4
   569 | D:1      | Found a faded altar of an unknown god.
   801 | D:1      | Reached XP level 3. HP: 27/27 MP: 5/5
  1123 | D:1      | Learned a level 2 spell: Passwall
  1428 | D:2      | Noticed Robin
  1429 | D:2      | Noticed Natasha
  1456 | D:2      | Killed Natasha
  1457 | D:2      | Reached skill level 1 in Short Blades
  1457 | D:2      | Reached XP level 4. HP: 33/35 MP: 6/6
  1483 | D:2      | Slain by Robin

Illustrated notes

Levels and vault maps discovered:
D:1:      giann_wishing_wells, layout_basic,
          dreamdust_ecumenical_altar_sealed_demon, corexii_corridor_pit,
          minmay_vboxes
D:2:      layout_basic, uniq_robin, uniq_natasha

Skill      XL: |  1  2  3 |
---------------+----------+-----
Transmutations | 1 2 3 |  3.0
Earth Magic    | 3 |  3.0
Short Blades   | 1 |  1.6
Dodging        | |  1.3
Stealth        | |  2.1
Spellcasting   | |  1.7

Action                     |  1- 3 |  4- 6 || total
---------------------------+-------+-------++-------
  Melee: Unarmed           |    13 |       ||    13
         Tailslap          |    13 |     2 ||    15
         Rapier            |    42 |       ||    42
         Dagger            |    51 |    24 ||    75
         Punch             |     1 |       ||     1
   Cast: Sandblast         |    13 |       ||    13
    Use: Potion            |     4 |       ||     4
         Scroll            |     2 |       ||     2
   Stab: Sleeping          |     4 |       ||     4
 Armour: Robe              |    46 |     2 ||    48
  Dodge: Dodged            |    65 |     3 ||    68
